[Event "SWE-ch Class 1 2019"]
[Site "Eskilstuna"]
[Date "2019.07.08"]
[Round "1.1"]
[White "Bjorkman, Filip"]
[Black "Bernhard, Jonathan"]
[Result "1-0"]
[ECO "C45"]
[WhiteElo "1956"]
[BlackElo "1917"]
[Annotator "NA"]
[PlyCount "133"]
[EventDate "2019.07.06"]
[EventType "tourn"]
[EventCountry "SWE"]
[SourceTitle "playchess.com"]
[Source "ChessBase"]
[SourceQuality "1"]
[TimeControl "40/5400+30:1800+30"]

1. e4 Nc6 2. Nf3 e5 3. d4 exd4 4. Nxd4 Nf6 5. Nxc6 bxc6 6. e5 Qe7 7. Qe2 Nd5 8. c4 Nb6 9. Nc3 Qe6 10. Qe4 g6 11. f4 Bg7 12. c5 Nd5 13. Bc4 Nxc3 14. bxc3 Qe7 15. Be3 O-O 16. O-O Bb7 17. Rab1 d5 18. Qf3 Bc8 19. Bd3 f6 20. exf6 Bxf6 21. Bd4 Qg7 22. Qf2 a5 23. g3 Re8 24. Rfe1 Bf5 25. Bxf5 gxf5 26. Bxf6 Qxf6 27. Qd4 Qxd4+ 28. cxd4 Re4 29. Rxe4 dxe4 30. Kf2 Ra7 31. Rb8+ Kf7 32. a4 h5 33. Ke3 Ke6 34. h3 Kd5 35. Rf8 Ke6 36. Re8+ Kf7 37. Rb8 Ke6 38. g4 hxg4 39. hxg4 fxg4 40. Kxe4 Kf6 41. f5 g3 42. Rg8 Rb7 43. Rxg3 Ke7 44. Ke5 Rb1 45. Rg7+ Kd8 46. Rg4 Ke7 47. Rg7+ Kd8 48. Kf6 Rd1 49. Rg4 Rf1 50. Ke6 Re1+ 51. Kf7 Rf1 52. f6 Kd7 53. Rg5 Rf4 54. Kg7 Ke6 55. Re5+ Kd7 56. Kg6 Rg4+ 57. Rg5 Rxd4 58. Kg7 Ke6 59. f7 Rd7 60. Rg6+ Kd5 61. Kg8 Rxf7 62. Kxf7 Kxc5 63. Ke6 Kb4 64. Rg4+ Kb3 65. Ke5 Ka3 66. Rc4 Kb3 67. Kd4 1-0

[Event "SWE-ch Class 1 2019"]
[Site "Eskilstuna"]
[Date "2019.07.08"]
[Round "1.1"]
[White "Lofstrom, Bjorn"]
[Black "Andersson, Daniel"]
[Result "*"]
[ECO "C45"]
[WhiteElo "1755"]
[BlackElo "1800"]
[Annotator "NA"]
[PlyCount "44"]
[EventDate "2019.07.06"]
[EventType "tourn"]
[EventCountry "SWE"]
[SourceTitle "playchess.com"]
[Source "ChessBase"]
[SourceQuality "1"]
[TimeControl "40/5400+30:1800+30"]

1. e4 Nc6 2. Nf3 e5 3. d4 exd4 4. Nxd4 Nf6 5. Nxc6 bxc6 6. e5 Qe7 7. Qe2 Nd5 8. c4 Nb6 9. Nc3 Qe6 10. Qe4 g6 11. f4 Bg7 12. c5 Nd5 13. Bc4 Nxc3 14. bxc3 Qe7 15. Be3 O-O 16. O-O Bb7 17. Rab1 d5 18. Qf3 Bc8 19. Bd3 f6 20. exf6 Bxf6 21. Bd4 Qg7 22. Qf2 a5 *

[Event "SWE-ch Class 1 2019"]
[Site "Eskilstuna"]
[Date "2019.07.08"]
[Round "1.2"]
[White "Attefall, Fredrik"]
[Black "Forsberg, Andre"]
[Result "0-1"]
[ECO "C54"]
[WhiteElo "2077"]
[BlackElo "1982"]
[Annotator "NA"]
[PlyCount "78"]
[EventDate "2019.07.06"]
[EventType "tourn"]
[EventCountry "SWE"]
[SourceTitle "playchess.com"]
[Source "ChessBase"]
[SourceQuality "1"]
[TimeControl "40/5400+30:1800+30"]

1. e4 e5 2. Nf3 Nc6 3. Bc4 Bc5 4. c3 Nf6 5. d4 exd4 6. cxd4 Bb4+ 7. Bd2 Bxd2+ 8. Nbxd2 O-O 9. e5 d5 10. Bd3 Ng4 11. O-O f6 12. h3 fxe5 13. dxe5 Ngxe5 14. Nxe5 Nxe5 15. Bxh7+ Kxh7 16. Qh5+ Kg8 17. Qxe5 Rf5 18. Qe3 b6 19. Nf3 c5 20. Ne5 Qd6 21. f4 Bb7 22. Rae1 d4 23. Qg3 Rd8 24. Ng6 Rf6 25. Ne7+ Kf8 26. Qg5 Rd7 27. Nf5 Qc6 28. Re5 Rg6 29. Nh4 Rxg5 30. fxg5+ Rf7 31. Rfe1 Kg8 32. g6 Rf8 33. Re6 Qd5 34. R1e5 Qc4 35. Re1 Rf1+ 36. Kh2 Rxe1 37. Rxe1 Kf8 38. Nf5 Qc2 39. Nd6 Qxg2# 0-1

[Event "SWE-ch Class 1 2019"]
[Site "Eskilstuna"]
[Date "2019.07.08"]
[Round "1.2"]
[White "Sahlstrom, Alex"]
[Black "Pinheiro Diamant, Jonatan"]
[Result "*"]
[ECO "C54"]
[WhiteElo "1708"]
[BlackElo "1815"]
[Annotator "NA"]
[PlyCount "37"]
[EventDate "2019.07.06"]
[EventType "tourn"]
[EventCountry "SWE"]
[SourceTitle "playchess.com"]
[Source "ChessBase"]
[SourceQuality "1"]
[TimeControl "40/5400+30:1800+30"]

1. e4 e5 2. Nf3 Nc6 3. Bc4 Bc5 4. c3 Nf6 5. d4 exd4 6. cxd4 Bb4+ 7. Bd2 Bxd2+ 8. Nbxd2 O-O 9. e5 d5 10. Bd3 Ng4 11. O-O f6 12. h3 fxe5 13. dxe5 Ngxe5 14. Nxe5 Nxe5 15. Bxh7+ Kxh7 16. Qh5+ Kg8 17. Qxe5 Rf5 18. Qe3 b6 19. Nf3 *

[Event "SWE-ch Class 1 2019"]
[Site "Eskilstuna"]
[Date "2019.07.08"]
[Round "1.3"]
[White "Kardell, Mathias"]
[Black "Halvarsson, Peter"]
[Result "1-0"]
[ECO "B34"]
[WhiteElo "2064"]
[BlackElo "1903"]
[Annotator "NA"]
[PlyCount "50"]
[EventDate "2019.07.06"]
[EventType "tourn"]
[EventCountry "SWE"]
[SourceTitle "playchess.com"]
[Source "ChessBase"]
[SourceQuality "1"]
[TimeControl "40/5400+30:1800+30"]

1. e4 c5 2. Nf3 g6 3. d4 cxd4 4. Nxd4 Bg7 5. Nc3 Nc6 6. Be3 Nf6 7. Be2 O-O 8. Qd2 d5 9. exd5 Nxd5 10. Nxc6 bxc6 11. Rd1 Qc7 12. Bd4 Bxd4 13. Qxd4 Nxc3 14. Qxc3 Be6 15. a3 Rad8 16. O-O Qb6 17. b4 Rd6 18. Bf3 Rfd8 19. Rde1 Qb5 20. Re5 Qb6 21. h3 R8d7 22. Rfe1 Rd2 23. R1e3 R7d6 24. Rc5 Qa6 25. Rxc6 Rxc6 1-0

[Event "SWE-ch Class 1 2019"]
[Site "Eskilstuna"]
[Date "2019.07.08"]
[Round "1.3"]
[White "Bertelsen, Peter"]
[Black "Ahlqvist, Jesper"]
[Result "*"]
[ECO "B34"]
[WhiteElo "1879"]
[BlackElo "1944"]
[Annotator "NA"]
[PlyCount "23"]
[EventDate "2019.07.06"]
[EventType "tourn"]
[EventCountry "SWE"]
[SourceTitle "playchess.com"]
[Source "ChessBase"]
[SourceQuality "1"]
[TimeControl "40/5400+30:1800+30"]

1. e4 c5 2. Nf3 g6 3. d4 cxd4 4. Nxd4 Bg7 5. Nc3 Nc6 6. Be3 Nf6 7. Be2 O-O 8. Qd2 d5 9. exd5 Nxd5 10. Nxc6 bxc6 11. Rd1 Qc7 12. Bd4 *

[Event "SWE-ch Class 1 2019"]
[Site "Eskilstuna"]
[Date "2019.07.08"]
[Round "1.4"]
[White "Lyngsjo, Hakan"]
[Black "Nordstrom, Felix"]
[Result "1/2-1/2"]
[ECO "B52"]
[WhiteElo "2029"]
[BlackElo "2064"]
[Annotator "NA"]
[PlyCount "36"]
[EventDate "2019.07.06"]
[EventType "tourn"]
[EventCountry "SWE"]
[SourceTitle "playchess.com"]
[Source "ChessBase"]
[SourceQuality "1"]
[TimeControl "40/5400+30:1800+30"]

1. e4 c5 2. Nf3 d6 3. Bb5+ Bd7 4. Bxd7+ Qxd7 5. O-O Nc6 6. b3 Nf6 7. Re1 g6 8. Bb2 Bg7 9. c4 e5 10. Nc3 O-O 11. d3 Nd4 12. Nxd4 cxd4 13. Nd5 Nxd5 14. cxd5 Bh6 15. Bc1 Bxc1 16. Rxc1 f5 17. f3 Rac8 18. Qd2 a6 1/2-1/2

[Event "SWE-ch Class 1 2019"]
[Site "Eskilstuna"]
[Date "2019.07.08"]
[Round "1.5"]
[White "Magnussen, Pal"]
[Black "Grundel, Sam"]
[Result "1-0"]
[ECO "B30"]
[WhiteElo "1985"]
[BlackElo "2069"]
[Annotator "NA"]
[PlyCount "87"]
[EventDate "2019.07.06"]
[EventType "tourn"]
[EventCountry "SWE"]
[SourceTitle "playchess.com"]
[Source "ChessBase"]
[SourceQuality "1"]
[TimeControl "40/5400+30:1800+30"]

1. e4 c5 2. Nf3 e6 3. d3 Nc6 4. Nbd2 Nf6 5. g3 Be7 6. Bg2 O-O 7. O-O Qc7 8. Re1 d6 9. a4 b6 10. Nc4 Bb7 11. Bf4 Rfd8 12. c3 Rac8 13. Qb3 Nh5 14. Be3 Ba6 15. Rad1 Rb8 16. Na3 d5 17. exd5 Rxd5 18. Nb5 Qd8 19. d4 Na5 20. Qc2 Bxb5 21. axb5 c4 22. Ne5 Rd6 23. Qe2 g6 24. Nxc4 Nxc4 25. Qxc4 e5 26. Ra1 exd4 27. Bxd4 Rd7 28. Qe2 Bf6 29. Be3 Qc7 30. Qf3 Bg7 31. g4 Nf6 32. Bf4 Qd8 33. Bxb8 Qxb8 34. g5 Nh5 35. Qe3 Qc7 36. Rad1 Rxd1 37. Rxd1 Nf4 38. Bc6 Ne6 39. Rd7 Qb8 40. h4 Nc5 41. Re7 Bf8 42. Rxf7 Kxf7 43. Bd5+ Kg7 44. Qd4+ 1-0

[Event "SWE-ch Class 1 2019"]
[Site "Eskilstuna"]
[Date "2019.07.08"]
[Round "1.6"]
[White "Jonsson, Krister"]
[Black "Thollin, Robert"]
[Result "1/2-1/2"]
[ECO "A81"]
[WhiteElo "2068"]
[BlackElo "1983"]
[Annotator "NA"]
[PlyCount "86"]
[EventDate "2019.07.06"]
[EventType "tourn"]
[EventCountry "SWE"]
[SourceTitle "playchess.com"]
[Source "ChessBase"]
[SourceQuality "1"]
[TimeControl "40/5400+30:1800+30"]

1. d4 e6 2. g3 f5 3. Bg2 Nf6 4. Nh3 Nc6 5. O-O Be7 6. c4 e5 7. d5 Nb8 8. Nc3 Bb4 9. Qc2 Bxc3 10. Qxc3 d6 11. Rd1 h6 12. f3 O-O 13. Nf2 a5 14. b3 Nbd7 15. a3 Qe7 16. Bb2 Nc5 17. Nd3 Nfd7 18. Nf2 Rf7 19. Qc2 a4 20. b4 Nb3 21. Rab1 b6 22. e3 Ba6 23. Nd3 Re8 24. Nc1 Nxc1 25. Rbxc1 Rb8 26. Bf1 Qg5 27. f4 Qg4 28. Kg2 Bb7 29. Be2 Qg6 30. Qxa4 Ra8 31. Qb3 Re8 32. Bf3 exf4 33. exf4 Rfe7 34. Bd4 Nf6 35. Qc3 Ne4 36. Bxe4 Rxe4 37. Re1 Qg4 38. Bf2 Qg6 39. Rxe4 Rxe4 40. Re1 Qe8 41. Kf1 b5 42. Rxe4 Qxe4 43. cxb5 Bxd5 1/2-1/2

[Event "SWE-ch Class 1 2019"]
[Site "Eskilstuna"]
[Date "2019.07.08"]
[Round "1.7"]
[White "Carlsson, Gustav"]
[Black "Willinger, Tim"]
[Result "1-0"]
[ECO "A26"]
[WhiteElo "1982"]
[BlackElo "2053"]
[Annotator "NA"]
[PlyCount "83"]
[EventDate "2019.07.06"]
[EventType "tourn"]
[EventCountry "SWE"]
[SourceTitle "playchess.com"]
[Source "ChessBase"]
[SourceQuality "1"]
[TimeControl "40/5400+30:1800+30"]

1. c4 e5 2. g3 Nc6 3. Bg2 g6 4. Nc3 Bg7 5. e4 d6 6. d3 Nge7 7. Nge2 O-O 8. O-O Be6 9. Nd5 Qd7 10. Bh6 Nd8 11. Bxg7 Kxg7 12. Nxe7 Qxe7 13. f4 Bg4 14. f5 Qg5 15. Qc1 Qxc1 16. Nxc1 gxf5 17. exf5 f6 18. h3 Bh5 19. b4 a5 20. Rb1 axb4 21. Rxb4 c6 22. Rf2 Ra7 23. Rfb2 Be8 24. Ne2 Bd7 25. g4 Kf7 26. Nc3 Ke7 27. Ne4 Bc8 28. Kf2 Nf7 29. Bf3 Ng5 30. Nxg5 fxg5 31. Ke3 Kf6 32. R4b3 Re8 33. a3 Re7 34. Rh2 h5 35. gxh5 Bxf5 36. Rf2 Ke6 37. Bg4 Rf7 38. Rbb2 b5 39. Rxf5 Rxf5 40. Rf2 Raf7 41. cxb5 cxb5 42. h6 1-0

[Event "SWE-ch Class 1 2019"]
[Site "Eskilstuna"]
[Date "2019.07.08"]
[Round "1.8"]
[White "Muganlinskij, Hussein"]
[Black "Carnstam, Tomas"]
[Result "1-0"]
[ECO "B06"]
[WhiteElo "2022"]
[BlackElo "1967"]
[Annotator "NA"]
[PlyCount "65"]
[EventDate "2019.07.06"]
[EventType "tourn"]
[EventCountry "SWE"]
[SourceTitle "playchess.com"]
[Source "ChessBase"]
[SourceQuality "1"]
[TimeControl "40/5400+30:1800+30"]

1. d4 g6 2. e4 Bg7 3. c3 Nf6 4. Qc2 d6 5. Bg5 h6 6. Bh4 g5 7. Bg3 Nh5 8. Bc4 c6 9. Nf3 b5 10. Bb3 Nd7 11. a4 Bb7 12. O-O bxa4 13. Rxa4 Nb6 14. Ra1 O-O 15. Nbd2 d5 16. e5 f5 17. exf6 exf6 18. Rfe1 Nxg3 19. hxg3 Qd7 20. Ne4 Bc8 21. Nc5 Qf7 22. Qd3 f5 23. Ne5 Bxe5 24. Rxe5 Nd7 25. Nxd7 Bxd7 26. c4 Be6 27. cxd5 Bxd5 28. Bxd5 cxd5 29. Ra6 Kg7 30. Qf3 Rad8 31. Qa3 Rd7 32. Ree6 Qh5 33. Rg6+ 1-0

[Event "SWE-ch Class 1 2019"]
[Site "Eskilstuna"]
[Date "2019.07.08"]
[Round "1.9"]
[White "Arvidsson, Jonas"]
[Black "Johansson, Roland"]
[Result "1-0"]
[ECO "B77"]
[WhiteElo "1965"]
[BlackElo "2002"]
[Annotator "NA"]
[PlyCount "61"]
[EventDate "2019.07.06"]
[EventType "tourn"]
[EventCountry "SWE"]
[SourceTitle "playchess.com"]
[Source "ChessBase"]
[SourceQuality "1"]
[TimeControl "40/5400+30:1800+30"]

1. e4 c5 2. Nf3 Nc6 3. Nc3 g6 4. d4 cxd4 5. Nxd4 Bg7 6. Be3 Nf6 7. Bc4 O-O 8. Bb3 a6 9. f3 Qc7 10. Qd2 Na5 11. O-O-O Nc4 12. Bxc4 Qxc4 13. Bh6 d6 14. h4 Kh8 15. Bxg7+ Kxg7 16. h5 Ng8 17. Nf5+ Bxf5 18. exf5 Rac8 19. Rh3 h6 20. Rg3 Qh4 21. Rh3 Qg5 22. fxg6 Qxd2+ 23. Rxd2 fxg6 24. hxg6 Rf5 25. Nd5 Kxg6 26. g4 Re5 27. Rh1 Rc5 28. Nf4+ Kg5 29. Nd3 Rcd5 30. f4+ Kxg4 31. fxe5 1-0

[Event "SWE-ch Class 1 2019"]
[Site "Eskilstuna"]
[Date "2019.07.08"]
[Round "1.10"]
[White "Eriksson, Joel"]
[Black "Karlsson, Roger"]
[Result "1-0"]
[ECO "B12"]
[WhiteElo "1998"]
[BlackElo "1915"]
[Annotator "NA"]
[PlyCount "83"]
[EventDate "2019.07.06"]
[EventType "tourn"]
[EventCountry "SWE"]
[SourceTitle "playchess.com"]
[Source "ChessBase"]
[SourceQuality "1"]
[TimeControl "40/5400+30:1800+30"]

1. e4 c6 2. d4 d5 3. e5 Bf5 4. Nf3 e6 5. Be2 c5 6. c3 Nc6 7. O-O Qb6 8. dxc5 Bxc5 9. b4 Bf8 10. Be3 Qc7 11. Qa4 a6 12. Na3 O-O-O 13. b5 Qa5 14. Qxa5 Nxa5 15. Bb6 Bxa3 16. Bxa5 Rd7 17. bxa6 bxa6 18. Nd4 Bg6 19. Bxa6+ Kb8 20. Bb5 Rb7 21. Nc6+ Ka8 22. Ba6 Rb2 23. Bb4 Bxb4 24. cxb4 Nh6 25. a4 f6 26. b5 Nf7 27. Rfc1 Nxe5 28. Nxe5 fxe5 29. Rc7 d4 30. a5 Bd3 31. Bb7+ Kb8 32. b6 Rf8 33. f3 e4 34. Bxe4 Bxe4 35. fxe4 d3 36. Rd1 Rd8 37. Rcc1 Re2 38. a6 Rxe4 39. b7 Ra4 40. Rxd3 Rf8 41. Rdc3 Ka7 42. Rc8 1-0

[Event "SWE-ch Class 1 2019"]
[Site "Eskilstuna"]
[Date "2019.07.09"]
[Round "2.1"]
[White "Bernhard, Jonathan"]
[Black "Forsberg, Andre"]
[Result "1-0"]
[ECO "A30"]
[WhiteElo "1917"]
[BlackElo "1982"]
[Annotator "NA"]
[PlyCount "79"]
[EventDate "2019.07.06"]
[EventType "tourn"]
[EventCountry "SWE"]
[SourceTitle "playchess.com"]
[Source "ChessBase"]
[SourceQuality "1"]
[TimeControl "40/5400+30:1800+30"]

1. Nf3 Nf6 2. c4 e6 3. Nc3 c5 4. g3 b6 5. Bg2 Bb7 6. O-O Be7 7. d4 cxd4 8. Qxd4 Bc5 9. Qh4 Be7 10. Bg5 O-O 11. e4 d6 12. Rfd1 Nc6 13. e5 Ne8 14. Bxe7 Nxe7 15. Ng5 h6 16. Bxb7 Ng6 17. Qe4 Rb8 18. Nf3 f5 19. exf6 Qxf6 20. Rd3 d5 21. Qxe6+ Qxe6 22. Bxd5 Nc7 23. Bxe6+ Nxe6 24. b4 Rbc8 25. Re1 Nef4 26. gxf4 Nxf4 27. Rd4 Nh3+ 28. Kg2 Nf4+ 29. Kg3 Nh5+ 30. Kg4 Nf6+ 31. Kh3 g5 32. Ne5 Nh5 33. Nd5 Rce8 34. Kg4 Rxf2 35. Kxh5 Rxh2+ 36. Kg6 Re6+ 37. Nf6+ Kf8 38. Rd8+ Ke7 39. Rd7+ Kf8 40. Rf7# 1-0

[Event "SWE-ch Class 1 2019"]
[Site "Eskilstuna"]
[Date "2019.07.09"]
[Round "2.2"]
[White "Bjorkman, Filip"]
[Black "Kardell, Mathias"]
[Result "1-0"]
[ECO "C10"]
[WhiteElo "1956"]
[BlackElo "2064"]
[Annotator "NA"]
[PlyCount "83"]
[EventDate "2019.07.06"]
[EventType "tourn"]
[EventCountry "SWE"]
[SourceTitle "playchess.com"]
[Source "ChessBase"]
[SourceQuality "1"]
[TimeControl "40/5400+30:1800+30"]

1. e4 e6 2. d4 d5 3. Nd2 dxe4 4. Nxe4 Be7 5. Nf3 Nf6 6. Nxf6+ Bxf6 7. Bd3 Nc6 8. c3 O-O 9. O-O Re8 10. Bf4 Ne7 11. Qc2 Ng6 12. Bg3 c6 13. Rad1 Qa5 14. b4 Qh5 15. Be2 Qf5 16. Bd3 Qh5 17. Rfe1 b6 18. Be4 Bb7 19. Ne5 Ne7 20. Nc4 Red8 21. Bc7 Rdc8 22. Be5 Ba6 23. Nd6 Rd8 24. b5 cxb5 25. Rd3 Bxe5 26. dxe5 Rab8 27. Rh3 Qg5 28. Bxh7+ Kf8 29. Rf3 Rxd6 30. exd6 Nd5 31. Be4 Nf6 32. Rg3 Qf4 33. d7 Nxd7 34. Rf3 Qe5 35. Rxf7+ Kxf7 36. Bg6+ Ke7 37. Rxe5 Nxe5 38. Be4 Rd8 39. f4 Nc4 40. Bf3 Rd2 41. Qg6 Rd7 42. Bg4 1-0

[Event "SWE-ch Class 1 2019"]
[Site "Eskilstuna"]
[Date "2019.07.09"]
[Round "2.3"]
[White "Nordstrom, Felix"]
[Black "Attefall, Fredrik"]
[Result "1-0"]
[ECO "D13"]
[WhiteElo "2064"]
[BlackElo "2077"]
[Annotator "NA"]
[PlyCount "43"]
[EventDate "2019.07.06"]
[EventType "tourn"]
[EventCountry "SWE"]
[SourceTitle "playchess.com"]
[Source "ChessBase"]
[SourceQuality "1"]
[TimeControl "40/5400+30:1800+30"]

1. d4 d5 2. c4 c6 3. Nf3 Nf6 4. Nc3 Bf5 5. cxd5 cxd5 6. Qb3 Qb6 7. Nxd5 Qxb3 8. Nxf6+ exf6 9. axb3 Bc2 10. Nd2 Bb4 11. Ra4 Bxd2+ 12. Bxd2 Bxb3 13. Ra3 Bd5 14. f3 f5 15. e3 O-O 16. Bd3 g6 17. Kf2 f6 18. Rc1 Nc6 19. Rc5 Rfd8 20. Rxd5 Rxd5 21. Bc4 Rad8 22. e4 1-0

[Event "SWE-ch Class 1 2019"]
[Site "Eskilstuna"]
[Date "2019.07.09"]
[Round "2.4"]
[White "Halvarsson, Peter"]
[Black "Lyngsjo, Hakan"]
[Result "0-1"]
[ECO "B02"]
[WhiteElo "1903"]
[BlackElo "2029"]
[Annotator "NA"]
[PlyCount "74"]
[EventDate "2019.07.06"]
[EventType "tourn"]
[EventCountry "SWE"]
[SourceTitle "playchess.com"]
[Source "ChessBase"]
[SourceQuality "1"]
[TimeControl "40/5400+30:1800+30"]

1. e4 Nf6 2. Nc3 d5 3. e5 Ne4 4. d4 Nxc3 5. bxc3 c5 6. Bb5+ Bd7 7. Bxd7+ Qxd7 8. Ne2 Nc6 9. O-O e6 10. f4 Na5 11. Qd3 g6 12. Kh1 Nc4 13. Ng3 Be7 14. Rb1 b6 15. Be3 Rc8 16. Bf2 Qa4 17. dxc5 Bxc5 18. Bxc5 Rxc5 19. f5 gxf5 20. Nxf5 exf5 21. Qxf5 Qd7 22. e6 fxe6 23. Rbe1 e5 24. Qh5+ Kd8 25. Rf7 Qe8 26. Qg5+ Kc8 27. Rxa7 Ra5 28. Re7 Qg6 29. Qh4 Rg8 30. Qh3+ Qg4 31. Re8+ Kc7 32. Rxg8 Qxg8 33. Qf5 Qg6 34. Qf8 Rxa2 35. Rf1 Nd6 36. h3 Rxc2 37. Qf3 e4 0-1

[Event "SWE-ch Class 1 2019"]
[Site "Eskilstuna"]
[Date "2019.07.09"]
[Round "2.5"]
[White "Carlsson, Gustav"]
[Black "Muganlinskij, Hussein"]
[Result "1-0"]
[ECO "D78"]
[WhiteElo "1982"]
[BlackElo "2022"]
[Annotator "NA"]
[PlyCount "97"]
[EventDate "2019.07.06"]
[EventType "tourn"]
[EventCountry "SWE"]
[SourceTitle "playchess.com"]
[Source "ChessBase"]
[SourceQuality "1"]
[TimeControl "40/5400+30:1800+30"]

1. c4 c6 2. g3 d5 3. Bg2 Nf6 4. Nf3 g6 5. b3 Bg7 6. Bb2 O-O 7. O-O a5 8. d4 a4 9. Nbd2 Bf5 10. Nh4 Bg4 11. h3 Be6 12. c5 Qa5 13. Rc1 b5 14. b4 Qc7 15. a3 g5 16. Nhf3 g4 17. hxg4 Bxg4 18. Ne5 Bh5 19. Re1 e6 20. Bf3 Bg6 21. Nxg6 hxg6 22. e4 dxe4 23. Nxe4 Nxe4 24. Rxe4 Nd7 25. Kg2 Nf6 26. Rh4 Rfd8 27. Qh1 Nd5 28. Qh3 Nf6 29. Rh1 Kf8 30. Rf4 g5 31. d5 gxf4 32. d6 Qb7 33. Qh4 Ng8 34. Bxg7+ Ke8 35. Qxf4 f5 36. Qe5 Kd7 37. Bf6 Nxf6 38. Qxf6 Kc8 39. Qxe6+ Kb8 40. Qxf5 Ra7 41. Qe4 Qf7 42. Qxc6 Rf8 43. Qb6+ Kc8 44. Bg4+ Rd7 45. Bxd7+ Qxd7 46. Qc7+ Qxc7 47. dxc7 Kxc7 48. Re1 Rd8 49. Re3 1-0

[Event "SWE-ch Class 1 2019"]
[Site "Eskilstuna"]
[Date "2019.07.09"]
[Round "2.6"]
[White "Arvidsson, Jonas"]
[Black "Eriksson, Joel"]
[Result "1-0"]
[ECO "C06"]
[WhiteElo "1965"]
[BlackElo "1998"]
[Annotator "NA"]
[PlyCount "67"]
[EventDate "2019.07.06"]
[EventType "tourn"]
[EventCountry "SWE"]
[SourceTitle "playchess.com"]
[Source "ChessBase"]
[SourceQuality "1"]
[TimeControl "40/5400+30:1800+30"]

1. e4 e6 2. d4 d5 3. Nd2 Nf6 4. e5 Nfd7 5. Bd3 c5 6. c3 b5 7. Bxb5 Qb6 8. Bxd7+ Nxd7 9. Ne2 Ba6 10. O-O Be7 11. Kh1 cxd4 12. cxd4 Bxe2 13. Qxe2 Qxd4 14. f4 Rc8 15. Nb3 Qc4 16. Qf3 O-O 17. Be3 Qa4 18. Bd4 Bc5 19. Bxc5 Nxc5 20. Nxc5 Rxc5 21. f5 exf5 22. Qxf5 Qe4 23. Qg5 h6 24. Qg3 d4 25. Rae1 Qa8 26. Rf4 Rc2 27. Rg4 g5 28. h4 Qc6 29. hxg5 h5 30. Rxd4 Rxb2 31. Rd6 Qc2 32. g6 Qf5 33. gxf7+ Kh7 34. e6 1-0

[Event "SWE-ch Class 1 2019"]
[Site "Eskilstuna"]
[Date "2019.07.09"]
[Round "2.7"]
[White "Akerlund, Fredrik"]
[Black "Magnussen, Pal"]
[Result "1/2-1/2"]
[ECO "C54"]
[WhiteElo "1815"]
[BlackElo "1985"]
[Annotator "NA"]
[PlyCount "90"]
[EventDate "2019.07.06"]
[EventType "tourn"]
[EventCountry "SWE"]
[SourceTitle "playchess.com"]
[Source "ChessBase"]
[SourceQuality "1"]
[TimeControl "40/5400+30:1800+30"]

1. e4 e5 2. Nf3 Nc6 3. Bc4 Bc5 4. c3 Nf6 5. d4 exd4 6. cxd4 Bb4+ 7. Bd2 O-O 8. d5 Bxd2+ 9. Nbxd2 Ne7 10. O-O d6 11. Re1 c6 12. dxc6 Nxc6 13. Rc1 d5 14. exd5 Nxd5 15. Ne4 Nb6 16. Bf1 Qc7 17. b4 a6 18. a3 Bg4 19. h3 Rad8 20. Qb3 Be6 21. Qc2 Qf4 22. Qc5 Nd7 23. Qe3 Qxe3 24. Rxe3 Bd5 25. Ned2 Nf6 26. Nc4 Bxf3 27. Rxf3 Rd4 28. Rd3 b5 29. Nb2 Rxd3 30. Nxd3 Nd4 31. Nc5 g6 32. f3 Rd8 33. Kf2 h5 34. h4 Nf5 35. Rc2 Rd6 36. g3 Kg7 37. a4 bxa4 38. Bxa6 Rb6 39. b5 Kf8 40. Nxa4 Rb8 41. b6 Nd6 42. Rc7 Nd5 43. Rc6 Ke7 44. Bc4 Kf8 45. Ba6 Ke8 1/2-1/2

[Event "SWE-ch Class 1 2019"]
[Site "Eskilstuna"]
[Date "2019.07.09"]
[Round "2.8"]
[White "Grundel, Sam"]
[Black "Jonsson, Krister"]
[Result "1/2-1/2"]
[ECO "C02"]
[WhiteElo "2069"]
[BlackElo "2068"]
[Annotator "NA"]
[PlyCount "66"]
[EventDate "2019.07.06"]
[EventType "tourn"]
[EventCountry "SWE"]
[SourceTitle "playchess.com"]
[Source "ChessBase"]
[SourceQuality "1"]
[TimeControl "40/5400+30:1800+30"]

1. e4 e6 2. d4 d5 3. e5 c5 4. c3 Nc6 5. Nf3 Qb6 6. a3 Nh6 7. b4 cxd4 8. cxd4 Nf5 9. Bb2 Be7 10. Be2 Bd7 11. O-O Rc8 12. Kh1 f6 13. Bd3 fxe5 14. Nxe5 Nxe5 15. dxe5 Bb5 16. Bxb5+ Qxb5 17. Nc3 Qa6 18. Qh5+ g6 19. Qg4 Qc4 20. Qd1 O-O 21. Qd2 a5 22. bxa5 Rc5 23. Rfc1 Qh4 24. Qe1 Rc4 25. Ne2 Bc5 26. Rxc4 dxc4 27. Kg1 Nh6 28. g3 Qe4 29. Nd4 Qd5 30. Rd1 Ng4 31. f4 Nh6 32. Qd2 Nf5 33. Qg2 Rd8 1/2-1/2

[Event "SWE-ch Class 1 2019"]
[Site "Eskilstuna"]
[Date "2019.07.09"]
[Round "2.9"]
[White "Thollin, Robert"]
[Black "Willinger, Tim"]
[Result "1-0"]
[ECO "B90"]
[WhiteElo "1983"]
[BlackElo "2053"]
[Annotator "NA"]
[PlyCount "67"]
[EventDate "2019.07.06"]
[EventType "tourn"]
[EventCountry "SWE"]
[SourceTitle "playchess.com"]
[Source "ChessBase"]
[SourceQuality "1"]
[TimeControl "40/5400+30:1800+30"]

1. e4 c5 2. Nf3 e6 3. d4 cxd4 4. Nxd4 Nf6 5. Nc3 d6 6. Bd3 a6 7. a4 b6 8. Bg5 Bb7 9. f4 Nbd7 10. Qe2 Qc7 11. Bxf6 gxf6 12. f5 Ke7 13. O-O-O Bh6+ 14. Kb1 Ne5 15. fxe6 fxe6 16. Nd5+ exd5 17. Nf5+ Kd7 18. Nxh6 Qc6 19. Ng4 Qxa4 20. Nxf6+ Kc7 21. Nxd5+ Bxd5 22. exd5 a5 23. Rhf1 Qh4 24. g3 Qh6 25. Bb5 a4 26. Rf5 Rhg8 27. Rdf1 Rg7 28. Rxe5 dxe5 29. Qxe5+ Kb7 30. Bc6+ Ka7 31. Bxa8 Kxa8 32. Qe8+ Kb7 33. Rf8 a3 34. Qc8+ 1-0

[Event "SWE-ch Class 1 2019"]
[Site "Eskilstuna"]
[Date "2019.07.09"]
[Round "2.10"]
[White "Johansson, Roland"]
[Black "Carnstam, Tomas"]
[Result "1/2-1/2"]
[ECO "B32"]
[WhiteElo "2002"]
[BlackElo "1967"]
[Annotator "NA"]
[PlyCount "59"]
[EventDate "2019.07.06"]
[EventType "tourn"]
[EventCountry "SWE"]
[SourceTitle "playchess.com"]
[Source "ChessBase"]
[SourceQuality "1"]
[TimeControl "40/5400+30:1800+30"]

1. e4 c5 2. Nf3 Nc6 3. d4 cxd4 4. Nxd4 e5 5. Nb5 a6 6. Nd6+ Bxd6 7. Qxd6 Qf6 8. Qxf6 Nxf6 9. Nc3 d5 10. exd5 Nb4 11. Bd3 Nbxd5 12. Nxd5 Nxd5 13. O-O O-O 14. Re1 Nb4 15. Rxe5 Nxd3 16. cxd3 Be6 17. d4 Rfd8 18. Be3 Rac8 19. b3 Rc2 20. Rc5 Rc8 21. Rxc8+ Rxc8 22. Rc1 Rxc1+ 23. Bxc1 Bd5 24. Ba3 f6 25. f3 Kf7 26. Kf2 Ke6 27. Ke3 g6 28. Kd3 a5 29. Bc5 a4 30. bxa4 1/2-1/2

[Event "SWE-ch Class 1 2019"]
[Site "Eskilstuna"]
[Date "2019.07.10"]
[Round "3.1"]
[White "Kardell, Mathias"]
[Black "Bernhard, Jonathan"]
[Result "0-1"]
[ECO "C50"]
[WhiteElo "2064"]
[BlackElo "1917"]
[Annotator "NA"]
[PlyCount "78"]
[EventDate "2019.07.06"]
[EventType "tourn"]
[EventCountry "SWE"]
[SourceTitle "playchess.com"]
[Source "ChessBase"]
[SourceQuality "1"]
[TimeControl "40/5400+30:1800+30"]

1. e4 Nc6 2. Nf3 e5 3. Bc4 Bc5 4. d3 Nf6 5. Bg5 d6 6. O-O h6 7. Bh4 g5 8. Bg3 Nh7 9. c3 Qf6 10. b4 Bb6 11. a4 a5 12. b5 Ne7 13. d4 Ng6 14. Na3 g4 15. dxe5 dxe5 16. Bxf7+ Qxf7 17. Nxe5 Nxe5 18. Bxe5 O-O 19. Qe2 Be6 20. Bd4 Ng5 21. Qe3 Qf4 22. Bxb6 cxb6 23. Qxb6 Rae8 24. Nc2 Qxe4 25. Ne3 Rf7 26. Rad1 Ref8 27. Qd4 Bb3 28. Qxe4 Nxe4 29. Nxg4 Bxd1 30. Nxh6+ Kg7 31. Nxf7 Bxa4 32. Ne5 Bxb5 33. Rb1 Nxc3 34. Rb3 Ne2+ 35. Kh1 Rxf2 36. Rb1 Rf5 37. Ng4 Bc6 38. h3 Nf4 39. Ne3 Re5 0-1